[Event "Titled Tuesday Blitz December 27 Early 2022"]
[White "Martynov, Pavel"]
[Black "Roy Chowdhury, Saptarshi"]
[WhiteFideId "4101260"]
[BlackFideId "5002974"]
[WhiteElo "2414"]
[BlackElo "2273"]
[Result "0-1"]
[Round "01"]
[TimeControl "180+2"]
[Date "2022.12.27"]
[WhiteClock "0:00:05"]
[BlackClock "0:01:36"]

1. e4 b6 2. Nf3 Bb7 3. d4 Bxe4 4. Nc3 Bb7 5. Bc4 d5 6. Bd3 e6 7. O-O Nf6 8. a4 a5 9. Bg5 Be7 10. Re1 Ba6 11. Bb5+ c6 12. Bxa6 Nxa6 13. Ne5 Nb4 14. Na2 Rc8 15. Nxb4 Bxb4 16. c3 Be7 17. Qe2 O-O 18. Qa6 h6 19. Bh4 c5 20. Qb7 Qc7 21. Qa6 cxd4 22. cxd4 Bb4 23. Red1 Ne4 24. f3 Nd6 25. Bg3 Qb7 26. Qxb7 Nxb7 27. Nd7 Rfe8 28. Nxb6 Rc2 29. Rab1 Nd6 30. Nd7 Rec8 31. Be1 Bxe1 32. Rxe1 Nf5 33. b4 axb4 34. Rxb4 Ra2 35. g4 Nh4 36. Ne5 f6 37. Nd3 Nxf3+ 38. Kf1 Nxh2+ 0-1


[Site "https://www.chess.com"]

[Event "Titled Tuesday Blitz December 27 Early 2022"]
[White "McBryde, Lamel"]
[Black "Mischuk, Dmitry"]
[WhiteFideId "2058596"]
[BlackFideId "14118734"]
[WhiteElo "1861"]
[BlackElo "2298"]
[Result "0-1"]
[Round "01"]
[TimeControl "180+2"]
[Date "2022.12.27"]
[WhiteClock "0:00:34"]
[BlackClock "0:00:22"]

1. Nf3 d5 2. b3 Bg4 3. e3 Nd7 4. d4 e5 5. dxe5 Nxe5 6. Be2 Nxf3+ 7. Bxf3 Qf6 8. c3 Bxf3 9. Qxf3 Qxf3 10. gxf3 c6 11. Rg1 g6 12. Bb2 Bg7 13. Kd2 Ne7 14. Kc2 O-O 15. Nd2 Nf5 16. e4 Ne7 17. Ba3 Rfe8 18. Bxe7 Rxe7 19. exd5 cxd5 20. Rae1 Rae8 21. Rxe7 Rxe7 22. Kd3 f5 23. c4 dxc4+ 24. Nxc4 Kf7 25. f4 Bh6 26. Ne5+ Kf6 27. h4 Bxf4 28. Nf3 Rd7+ 29. Kc4 h6 30. Re1 g5 31. Re8 g4 32. Nd4 b5+ 33. Kc5 Kg6 34. Ne6 Kf7 35. Nxf4 Kxe8 36. Kxb5 Rd2 0-1


[Site "https://www.chess.com"]

[Event "Titled Tuesday Blitz December 27 Early 2022"]
[White "McCoy, Owen"]
[Black "Li, Hui"]
[WhiteFideId "30924502"]
[BlackFideId "15400310"]
[WhiteElo "2085"]
[BlackElo "1963"]
[Result "1-0"]
[Round "01"]
[TimeControl "180+2"]
[Date "2022.12.27"]
[WhiteClock "0:00:29"]
[BlackClock "0:00:04"]

1. Nf3 d5 2. g3 Bg4 3. Bg2 Nd7 4. O-O c6 5. d3 Ngf6 6. h3 Bxf3 7. Bxf3 e5 8. Bg2 Be7 9. e4 dxe4 10. dxe4 O-O 11. Qe2 Qc7 12. Nd2 Rfe8 13. Nc4 Bf8 14. a4 a5 15. Ne3 g6 16. b3 Nc5 17. Nc4 Ne6 18. Bb2 Nd4 19. Qd1 Rad8 20. Qb1 Bb4 21. Kh1 Ne2 22. Qa2 Nc3 23. Bxc3 Bxc3 24. Rad1 Rxd1 25. Rxd1 Rd8 26. Qb1 h5 27. h4 Ng4 28. Rf1 b5 29. f3 Nf6 30. Ne3 Rd2 31. Nd1 Bb4 32. Nf2 Qb6 33. Nd3 Bd6 34. Qc1 Qe3 35. Re1 1-0


[Site "https://www.chess.com"]

[Event "Titled Tuesday Blitz December 27 Early 2022"]
[White "Melikhov, Evgeny V."]
[Black "Zemlyanskii, Ivan"]
[WhiteFideId "4122046"]
[BlackFideId "24249971"]
[WhiteElo "2269"]
[BlackElo "2300"]
[Result "0-1"]
[Round "01"]
[TimeControl "180+2"]
[Date "2022.12.27"]
[WhiteClock "0:00:15"]
[BlackClock "0:01:16"]

1. d4 d5 2. c4 c6 3. Nc3 Nf6 4. e3 Bf5 5. Nf3 e6 6. Nh4 Bg6 7. Bd2 Nbd7 8. Qb3 Qc7 9. O-O-O Nb6 10. cxd5 exd5 11. Nxg6 hxg6 12. g3 Bd6 13. Bd3 a5 14. Kb1 O-O 15. Rc1 a4 16. Qc2 Qd7 17. h4 Rfe8 18. e4 dxe4 19. Nxe4 Nbd5 20. Nxf6+ Nxf6 21. Bg5 Be7 22. Rcd1 a3 23. b3 Nd5 24. Bxe7 Qxe7 25. h5 g5 26. h6 g6 27. Bxg6 fxg6 28. Qxg6+ Kh8 29. Rde1 Qh7 30. Qxh7+ Kxh7 31. Kc2 Rxe1 32. Rxe1 Rf8 0-1


[Site "https://www.chess.com"]

[Event "Titled Tuesday Blitz December 27 Early 2022"]
[White "Mikhailovsky, Vladimir"]
[Black "Flynn, Jacob"]
[WhiteFideId "34105414"]
[BlackFideId "2509393"]
[WhiteElo "2215"]
[BlackElo "2102"]
[Result "1-0"]
[Round "01"]
[TimeControl "180+2"]
[Date "2022.12.27"]
[WhiteClock "0:00:22"]
[BlackClock "0:00:02"]

1. e4 e5 2. Nf3 Nc6 3. Nc3 Nf6 4. d4 exd4 5. Nxd4 Bb4 6. Nxc6 bxc6 7. Bd3 d5 8. exd5 O-O 9. O-O Bg4 10. f3 Bh5 11. dxc6 Qd4+ 12. Kh1 Bxc3 13. bxc3 Qxc3 14. Bf4 Qxc6 15. Qe2 Bg6 16. Bb5 Qc5 17. Qc4 Qxc4 18. Bxc4 Bxc2 19. Rac1 Bf5 20. Bxc7 Rac8 21. Be5 Rxc4 22. Rxc4 Bd3 23. Rfc1 Bxc4 24. Rxc4 Re8 25. Bg3 Rd8 26. h3 h6 27. Rc7 Rd7 28. Rxd7 Nxd7 29. Kg1 f6 30. Kf2 Kf7 31. Ke3 Ke6 32. Kd4 Nb6 33. Kc5 Na4+ 34. Kb4 Nb2 35. Kb5 Kd5 36. Ka6 Na4 37. Be1 Nc5+ 38. Kxa7 Nd3 39. Bd2 1-0


[Site "https://www.chess.com"]

[Event "Titled Tuesday Blitz December 27 Early 2022"]
[White "Mills, Morgen"]
[Black "Iljin, Timofey"]
[WhiteFideId "2013304"]
[BlackFideId "14110180"]
[WhiteElo "2009"]
[BlackElo "2329"]
[Result "0-1"]
[Round "01"]
[TimeControl "180+2"]
[Date "2022.12.27"]
[WhiteClock "0:00:04"]
[BlackClock "0:00:06"]

1. e4 e5 2. Nf3 Nc6 3. Bb5 a6 4. Bxc6 dxc6 5. O-O Bg4 6. h3 h5 7. d3 Bd6 8. Nbd2 Qe7 9. Re1 O-O-O 10. hxg4 hxg4 11. Nh2 Rxh2 12. Kxh2 Qh4+ 13. Kg1 g3 14. Qf3 Bc5 15. Kf1 Bxf2 16. Qf5+ Kb8 17. Qh3 Qf6 18. Nf3 Bxe1 19. Kxe1 Qg6 20. Bg5 f6 21. Bh4 Qh6 22. Ke2 Ne7 23. Bxg3 Qg6 24. Nh4 Qh5+ 25. Nf3 Qg6 26. Rh1 Qf7 27. b3 Ng6 28. Qh5 Rh8 29. Qxh8+ Nxh8 30. Rxh8+ Ka7 31. Bf2+ b6 32. Rh1 Qe7 33. a4 Qa3 34. Ne1 Qb2 35. Be3 Qa3 36. Rh7 Qe7 37. Bh6 Qf7 38. Be3 Qg6 39. Rh2 Qg4+ 40. Nf3 g5 41. Kf2 Qe6 42. Rh6 Qf7 43. Ne1 g4 44. Rh1 Qg6 45. g3 Qf7 46. Ng2 f5 47. exf5 Qxf5+ 48. Ke2 Qf3+ 49. Kd2 Qxg2+ 0-1


[Site "https://www.chess.com"]

[Event "Titled Tuesday Blitz December 27 Early 2022"]
[White "Mohammed, Zozek Salah Mohammed"]
[Black "Avila Pavas, Santiago"]
[WhiteFideId "4803361"]
[BlackFideId "4437128"]
[WhiteElo "2210"]
[BlackElo "2522"]
[Result "0-1"]
[Round "01"]
[TimeControl "180+2"]
[Date "2022.12.27"]
[WhiteClock "0:00:39"]
[BlackClock "0:00:49"]

1. d4 Nf6 2. Nf3 e6 3. c4 d5 4. g3 Bb4+ 5. Bd2 a5 6. Bg2 O-O 7. O-O dxc4 8. a3 Bxd2 9. Nbxd2 b5 10. Ne5 Ra6 11. e3 c6 12. a4 Nd5 13. axb5 cxb5 14. Qe2 Nd7 15. b3 Nxe5 16. dxe5 Nc3 17. Qe1 Qd3 18. bxc4 bxc4 19. Kh1 Bd7 20. Qc1 Bc6 21. Ra3 Bxg2+ 22. Kxg2 Qd5+ 23. f3 Nb5 24. Ra4 c3 25. Nc4 Rc8 26. Rd1 Qc6 27. e4 h6 28. Qc2 Qc5 29. Nd6 Nxd6 30. exd6 Rxd6 31. Rxd6 Qxd6 32. Rxa5 Qd2+ 33. Qxd2 cxd2 0-1


[Site "https://www.chess.com"]

[Event "Titled Tuesday Blitz December 27 Early 2022"]
[White "Morefield, Jason"]
[Black "Dilmukhametov, Artur"]
[WhiteFideId "30920825"]
[BlackFideId "24179922"]
[WhiteElo "2167"]
[BlackElo "2276"]
[Result "1-0"]
[Round "01"]
[TimeControl "180+2"]
[Date "2022.12.27"]
[WhiteClock "0:01:21"]
[BlackClock "0:00:05"]

1. e4 e6 2. d4 d5 3. Nc3 Bb4 4. e5 c5 5. a3 Bxc3+ 6. bxc3 Qa5 7. Bd2 Qa4 8. h4 Ne7 9. h5 h6 10. Bd3 Nbc6 11. Qg4 Kf8 12. Qg3 c4 13. Be2 Nf5 14. Qf4 Qxc2 15. g4 Nfe7 16. f3 Bd7 17. Nh3 Na5 18. Bd1 Qb2 19. Rc1 Nb3 20. Rc2 Qxa3 21. Be3 Qa6 22. O-O Nc6 23. Qg3 Ke7 24. f4 Raf8 25. f5 Qb6 26. Qh4+ f6 27. Nf4 a5 28. Ng6+ Kf7 29. Nxh8+ Rxh8 30. fxe6+ Bxe6 31. exf6 gxf6 32. Qxf6+ Ke8 33. Qxe6+ Ne7 34. Qxb6 1-0


[Site "https://www.chess.com"]

[Event "Titled Tuesday Blitz December 27 Early 2022"]
[White "Moreno Perez, Tobias Sebastian"]
[Black "Aravindh, Chithambaram VR."]
[WhiteFideId "186716"]
[BlackFideId "5072786"]
[WhiteElo "2256"]
[BlackElo "2633"]
[Result "0-1"]
[Round "01"]
[TimeControl "180+2"]
[Date "2022.12.27"]
[WhiteClock "0:00:01"]
[BlackClock "0:00:35"]

1. Nf3 b6 2. g3 Bb7 3. Bg2 c5 4. O-O e6 5. b3 Nf6 6. Bb2 Be7 7. c4 O-O 8. Nc3 d5 9. cxd5 Nxd5 10. Nxd5 Bxd5 11. Qc2 Nc6 12. Rad1 Bf6 13. Bxf6 Qxf6 14. e4 Nb4 15. Qb1 Bb7 16. d4 cxd4 17. Nxd4 Rfd8 18. Nb5 Qe5 19. Na3 Ba6 20. Nc4 Bxc4 21. bxc4 Na6 22. Qb5 Nc5 23. f4 Qc7 24. e5 Rxd1 25. Rxd1 Rd8 26. Rd6 g6 27. Qc6 Qb8 28. h4 Rc8 29. Qf3 Qc7 30. Rc6 Qd7 31. Rxc8+ Qxc8 32. Qa8 Qxa8 33. Bxa8 h5 34. Bc6 Nd3 35. a4 Nb4 36. Bb5 Kf8 37. Kf2 a6 38. Bd7 Ke7 39. Bc8 Nd3+ 40. Ke3 Nc5 41. a5 Kd8 42. Bxa6 Nxa6 43. axb6 Kd7 44. Kd4 Kc6 45. c5 Nxc5 46. b7 Nxb7 0-1


[Site "https://www.chess.com"]

[Event "Titled Tuesday Blitz December 27 Early 2022"]
[White "Moskvin, Anatoly"]
[Black "Galchenko, Matvey"]
[WhiteFideId "24199990"]
[BlackFideId "24175480"]
[WhiteElo "2189"]
[BlackElo "2438"]
[Result "1-0"]
[Round "01"]
[TimeControl "180+2"]
[Date "2022.12.27"]
[WhiteClock "0:00:19"]
[BlackClock "0:00:01"]

1. e4 e6 2. Nf3 d5 3. e5 c5 4. b4 cxb4 5. d4 Nc6 6. a3 Bd7 7. h4 h6 8. h5 Rc8 9. g4 a6 10. axb4 Bxb4+ 11. c3 Be7 12. Bd3 Na5 13. Kf1 Nc4 14. Qc2 Bb5 15. Kg2 Qc7 16. Bf4 Bd8 17. Bg3 Ne7 18. Qc1 Nc6 19. Bc2 Be7 20. g5 hxg5 21. Nxg5 Nd8 22. h6 gxh6 23. Nf3 h5 24. Qf4 Kd7 25. Ng5 Nb2 26. Qe3 a5 27. f4 a4 28. f5 Bxg5 29. Qxg5 Qc4 30. Re1 h4 31. Bxh4 Nc6 32. fxe6+ Kc7 33. exf7 Kb6 34. e6 Nd3 35. Re3 Ndb4 36. Nd2 Nxc2 37. Nxc4+ Bxc4 38. Rb1+ Ka7 39. e7 Nxe3+ 40. Qxe3 Nxe7 41. Bxe7 Rhf8 42. Bc5+ Ka6 43. Qe6+ Rc6 44. Qxc6+ bxc6 45. Bxf8 a3 46. Bxa3 1-0


[Site "https://www.chess.com"]

[Event "Titled Tuesday Blitz December 27 Early 2022"]
[White "Musovic, Armin"]
[Black "Alhadad, Mahmoud"]
[WhiteFideId "939935"]
[BlackFideId "11501863"]
[WhiteElo "2261"]
[BlackElo "1840"]
[Result "1-0"]
[Round "01"]
[TimeControl "180+2"]
[Date "2022.12.27"]
[WhiteClock "0:01:50"]
[BlackClock "0:00:01"]

1. a3 d5 2. Nc3 Nc6 3. e4 d4 4. Nce2 e5 5. Ng3 Be6 6. Bb5 Ne7 7. Bxc6+ Nxc6 8. d3 f6 9. N1e2 Qd7 10. O-O O-O-O 11. f4 h5 12. f5 Bf7 13. h3 h4 14. Nh1 Be7 15. b4 g5 16. Nf2 g4 17. Nxg4 Rdg8 18. Kh1 Bh5 19. Nh2 Rg7 20. Rf2 Rhg8 21. Bh6 Rh7 22. Bd2 Bf8 23. b5 Nd8 24. a4 Bh6 25. Bxh6 Rxh6 26. Qd2 Nf7 27. Rb1 Ng5 28. a5 Qg7 29. Ng1 b6 30. Ra1 Kb8 31. c4 Nf7 32. axb6 cxb6 33. c5 bxc5 34. Qa5 Nd8 35. b6 Nc6 36. Qxc5 axb6 37. Qxc6 Qb7 38. Qd6+ Qc7 39. Ra8+ Kb7 40. Ra7+ Kxa7 41. Qxc7+ 1-0


[Site "https://www.chess.com"]

[Event "Titled Tuesday Blitz December 27 Early 2022"]
[White "Narayanan.S.L"]
[Black "Lehtosaari, Mauri"]
[WhiteFideId "5058422"]
[BlackFideId "501999"]
[WhiteElo "2660"]
[BlackElo "2176"]
[Result "0-1"]
[Round "01"]
[TimeControl "180+2"]
[Date "2022.12.27"]
[WhiteClock "0:00:27"]
[BlackClock "0:00:11"]

1. b3 d5 2. Bb2 Nf6 3. e3 Bf5 4. f3 h6 5. g4 Bh7 6. h4 c6 7. Ne2 a5 8. a3 Qc7 9. d4 e6 10. Nbc3 Bd6 11. Rg1 g5 12. hxg5 hxg5 13. Qd2 Bg6 14. O-O-O Nbd7 15. Kb1 O-O-O 16. Nc1 Rh2 17. Rg2 Rdh8 18. Bd3 Bxd3 19. Nxd3 Kb8 20. Na4 Rxg2 21. Qxg2 Rh2 22. Qg1 Rh3 23. Qf1 Rh2 24. Nac5 Qd8 25. e4 Bc7 26. e5 Nxc5 27. Nxc5 Nd7 28. Nd3 Qh8 29. Bc1 Bd8 30. a4 Be7 31. Bd2 Bd8 32. Qe1 b6 33. b4 axb4 34. Bxb4 Bc7 35. Qc3 Kb7 36. a5 Qa8 37. axb6 Bxb6 38. Kb2 Qa4 39. Nc5+ Nxc5 40. dxc5 Bc7 41. Ra1 Qb5 42. Rb1 Qa4 43. Ba3 Kc8 44. Rd1 Bxe5 45. Qxe5 Qxc2+ 46. Ka1 Qa2# 0-1


[Site "https://www.chess.com"]

[Event "Titled Tuesday Blitz December 27 Early 2022"]
[White "Nguyen Hong Nhung"]
[Black "Saleem, Arshaq"]
[WhiteFideId "12412201"]
[BlackFideId "2081857"]
[WhiteElo "2003"]
[BlackElo "2133"]
[Result "1-0"]
[Round "01"]
[TimeControl "180+2"]
[Date "2022.12.27"]
[WhiteClock "0:00:19"]
[BlackClock "0:00:16"]

1. e4 c5 2. Nc3 a6 3. a4 Nc6 4. f4 g6 5. Nf3 Bg7 6. Bc4 e6 7. O-O Nge7 8. d3 d5 9. Ba2 O-O 10. Kh1 Nb4 11. Bb3 Nec6 12. Na2 dxe4 13. dxe4 c4 14. Nxb4 Nxb4 15. Bxc4 Qxd1 16. Rxd1 Nxc2 17. Rb1 b5 18. axb5 axb5 19. Bxb5 Bb7 20. e5 Be4 21. Bd2 Rfb8 22. Be2 Bf8 23. Ng5 Bd5 24. Bc3 Ne3 25. Rg1 Bc5 26. Bf3 h6 27. Ne4 Bb6 28. Nf6+ Kg7 29. Nxd5 exd5 30. Rge1 Ra2 31. Ra1 Rxa1 32. Rxa1 d4 33. Be1 Nc4 34. b3 Ne3 35. Rc1 d3 36. Bd2 Nf5 37. Be4 Ne7 38. b4 Rd8 39. Rc3 Ra8 40. Bxa8 1-0


[Site "https://www.chess.com"]

[Event "Titled Tuesday Blitz December 27 Early 2022"]
[White "Ohanyan, Emin"]
[Black "Hnydiuk, Aleksander"]
[WhiteFideId "13312022"]
[BlackFideId "1109057"]
[WhiteElo "2444"]
[BlackElo "2363"]
[Result "0-1"]
[Round "01"]
[TimeControl "180+2"]
[Date "2022.12.27"]
[WhiteClock "0:00:04"]
[BlackClock "0:00:06"]

1. e4 e5 2. Nc3 Nc6 3. Bc4 Nf6 4. d3 Na5 5. Bb3 Nxb3 6. axb3 d6 7. f4 Be7 8. Nf3 O-O 9. O-O c6 10. Kh1 Nd7 11. Qe1 b5 12. Qg3 Bf6 13. f5 b4 14. Nd1 d5 15. Nf2 Bb7 16. Ng4 Re8 17. Bh6 Kh8 18. Nxf6 Qxf6 19. Bg5 Qd6 20. Rae1 f6 21. Bc1 a5 22. d4 c5 23. dxe5 Nxe5 24. Nxe5 Qxe5 25. Bf4 Qxb2 26. e5 Qxc2 27. e6 Qxf5 28. e7 d4 29. Bc1 Qg6 30. Qf2 a4 31. bxa4 c4 32. Kg1 c3 33. Rd1 d3 34. Rfe1 d2 35. Bxd2 cxd2 36. Rxd2 b3 37. Qb6 Be4 38. Qb4 Bc2 39. a5 h6 40. h3 Rab8 41. Qc3 b2 42. Rxc2 b1=Q 43. Rxb1 Rxb1+ 44. Kh2 Rbb8 45. Re2 Qf7 46. Qc5 Rb7 47. a6 Rbxe7 48. Rb2 Rc7 49. Qa5 Qe7 50. Ra2 Qe5+ 51. Qxe5 fxe5 52. Rc2 Rxc2 0-1


[Site "https://www.chess.com"]

[Event "Titled Tuesday Blitz December 27 Early 2022"]
[White "Oparin, Grigoriy"]
[Black "Cnejev, Vladimir-Alexandru"]
[WhiteFideId "24125890"]
[BlackFideId "1260898"]
[WhiteElo "2667"]
[BlackElo "2374"]
[Result "1-0"]
[Round "01"]
[TimeControl "180+2"]
[Date "2022.12.27"]
[WhiteClock "0:01:58"]
[BlackClock "0:00:02"]

1. e4 e5 2. Nf3 Nc6 3. Bb5 Nf6 4. d3 d6 5. O-O Be7 6. Re1 O-O 7. c3 a6 8. Ba4 b5 9. Bc2 Bb7 10. d4 Re8 11. Bg5 h6 12. Bh4 exd4 13. cxd4 Nb4 14. Nc3 Nxc2 15. Qxc2 b4 16. Bxf6 Bxf6 17. Nd5 Bxd5 18. exd5 Qd7 19. h3 g6 20. Rac1 Rxe1+ 21. Rxe1 Kf8 22. Rc1 Ra7 23. Qd2 h5 24. Qxb4 Qd8 25. b3 Kg7 26. Qa4 a5 27. Re1 Kf8 28. Nd2 Qc8 29. Ne4 Be7 30. Nc3 Qf5 31. Qc6 h4 32. Nb5 1-0


[Site "https://www.chess.com"]

[Event "Titled Tuesday Blitz December 27 Early 2022"]
[White "Orujov, Elshad"]
[Black "Strahov, Andrej"]
[WhiteFideId "13403540"]
[BlackFideId "4165489"]
[WhiteElo "2304"]
[BlackElo "2398"]
[Result "1/2-1/2"]
[Round "01"]
[TimeControl "180+2"]
[Date "2022.12.27"]
[WhiteClock "0:00:48"]
[BlackClock "0:00:41"]

1. e4 e5 2. Nf3 Nc6 3. d4 exd4 4. Nxd4 Nf6 5. Nc3 Bb4 6. Nxc6 bxc6 7. Bd3 d5 8. exd5 O-O 9. O-O cxd5 10. Bg5 c6 11. Qf3 Bd6 12. Rfe1 Rb8 13. Rab1 h6 14. Bh4 a5 15. Ne2 Rb4 16. Bxf6 Qxf6 17. Qxf6 gxf6 18. c3 Rb8 19. Nd4 Bd7 20. Bf5 c5 21. Bxd7 cxd4 22. cxd4 Rb4 23. Red1 Rd8 24. Bc6 Bc7 25. b3 Bb6 26. Rd3 Rxd4 27. Rxd4 Bxd4 28. Rd1 Rc8 29. Bxd5 Rc2 30. Bc4 Bxf2+ 31. Kf1 Rxa2 32. Rd7 Kg7 33. Rxf7+ Kg6 34. Rd7 Bc5 35. Bd5 Kf5 36. Bf3 Kf4 37. Rd3 Bb4 38. Rd4+ Ke3 39. Re4+ Kd3 40. Re2 Rxe2 41. Bxe2+ Kc3 42. Bd1 Kd2 43. Bh5 Bc5 44. Bf7 Bd6 45. g3 Bc5 46. Kg2 Ke3 47. Bc4 1/2-1/2


[Site "https://www.chess.com"]

[Event "Titled Tuesday Blitz December 27 Early 2022"]
[White "Orzech, Dominik"]
[Black "Mihajlov, Sebastian"]
[WhiteFideId "1115065"]
[BlackFideId "1512110"]
[WhiteElo "2308"]
[BlackElo "2373"]
[Result "0-1"]
[Round "01"]
[TimeControl "180+2"]
[Date "2022.12.27"]
[WhiteClock "0:01:00"]
[BlackClock "0:00:26"]

1. e4 c5 2. Nf3 d6 3. Nc3 Nf6 4. d4 cxd4 5. Nxd4 a6 6. Bg5 e6 7. f4 Be7 8. Qf3 h6 9. Bh4 Qc7 10. O-O-O Nxe4 11. Bxe7 Nxc3 12. Bxd6 Nxa2+ 13. Kb1 Qxd6 14. Kxa2 O-O 15. Bd3 Nd7 16. g4 Nc5 17. g5 hxg5 18. fxg5 e5 19. Nf5 Qe6+ 20. Kb1 Nxd3 21. Nh6+ gxh6 22. gxh6 Nf4 23. Rhg1+ Kh8 24. Rg5 Qxh6 25. Rdg1 Be6 26. Rxe5 Rg8 27. Rf1 Rg4 28. h3 Rh4 29. Qc3 Kh7 30. Re4 Rg8 31. Qe5 Ng6 32. Rxh4 Nxe5 33. Rxh6+ Kxh6 0-1


[Site "https://www.chess.com"]

[Event "Titled Tuesday Blitz December 27 Early 2022"]
[White "Osinovsky, Stepan"]
[Black "Bilych, Olexiy"]
[WhiteFideId "4157354"]
[BlackFideId "14156504"]
[WhiteElo "2241"]
[BlackElo "2441"]
[Result "0-1"]
[Round "01"]
[TimeControl "180+2"]
[Date "2022.12.27"]
[WhiteClock "0:00:01"]
[BlackClock "0:00:21"]

1. Nf3 d5 2. g3 c5 3. Bg2 Nc6 4. O-O e5 5. d3 Nf6 6. Nbd2 Bd6 7. e4 d4 8. Nc4 Bc7 9. a4 Be6 10. Nh4 Nd7 11. Nf5 O-O 12. Qg4 g6 13. Bg5 f6 14. Nh6+ Kg7 15. Qxe6 fxg5 16. Bh3 Ndb8 17. Ng4 Re8 18. Qd5 h5 19. Nge3 dxe3 20. fxe3 Qe7 21. Rf2 Nb4 22. Qxb7 N8c6 23. Raf1 Reb8 24. Rf7+ Kh6 25. Qxa8 Rxa8 26. Rxe7 Nxe7 27. Rf7 Nbc6 28. Bd7 Rd8 29. Bxc6 Nxc6 30. Rxc7 Nb4 31. Rxc5 Nxc2 32. Nxe5 Nxe3 33. Rc6 Rf8 34. Rxg6+ Kh7 35. h4 Rf1+ 36. Kh2 Rf2+ 37. Kg1 Rf1+ 38. Kh2 g4 39. Rg5 Rf2+ 40. Kg1 Rf1+ 41. Kh2 Rf2+ 42. Kg1 Rg2+ 43. Kh1 Rxg3 44. Rxh5+ Kg7 45. Rg5+ Kf6 46. d4 Rh3+ 47. Kg1 Rxh4 48. Kf2 Kxg5 49. Kxe3 Rh3+ 50. Kd2 g3 51. d5 Kf4 0-1


[Site "https://www.chess.com"]

[Event "Titled Tuesday Blitz December 27 Early 2022"]
[White "Ovchinnikov, Vsevolod"]
[Black "Osiecki, Stanislaw"]
[WhiteFideId "24176842"]
[BlackFideId "1102990"]
[WhiteElo "2426"]
[BlackElo "2055"]
[Result "1-0"]
[Round "01"]
[TimeControl "180+2"]
[Date "2022.12.27"]
[WhiteClock "0:00:38"]
[BlackClock "0:01:39"]

1. d4 Nf6 2. c4 g6 3. Nc3 Bg7 4. e4 d6 5. Nf3 O-O 6. h3 e5 7. d5 Nh5 8. g3 a5 9. Be2 Na6 10. Nh2 Nf6 11. g4 Nc5 12. Qc2 a4 13. Nf1 Bd7 14. Ng3 c6 15. Be3 cxd5 16. exd5 b6 17. g5 Ne8 18. h4 f5 19. gxf6 Nxf6 20. h5 Bf5 21. Nxf5 gxf5 22. h6 Bh8 23. Qxf5 Kf7 24. Bxc5 bxc5 25. Bh5+ Ke7 26. Qe6# 1-0


[Site "https://www.chess.com"]

[Event "Titled Tuesday Blitz December 27 Early 2022"]
[White "Papasimakopoulos, Alexandros"]
[Black "Mika, Tomasz"]
[WhiteFideId "4244125"]
[BlackFideId "1132970"]
[WhiteElo "2401"]
[BlackElo "2169"]
[Result "1-0"]
[Round "01"]
[TimeControl "180+2"]
[Date "2022.12.27"]
[WhiteClock "0:00:17"]
[BlackClock "0:00:14"]

1. e4 c6 2. d4 d5 3. Nc3 dxe4 4. Nxe4 Bf5 5. Ng3 Bg6 6. N1e2 Nf6 7. Nf4 e5 8. Nxg6 hxg6 9. Be3 Nbd7 10. Bc4 Qc7 11. dxe5 Nxe5 12. Bb3 Bd6 13. Qe2 O-O 14. O-O-O Rfe8 15. h4 a5 16. a4 Neg4 17. Nf1 Nxe3 18. Nxe3 b5 19. Qd3 Ne4 20. Ng4 Rad8 21. Qf3 Bf4+ 22. Kb1 bxa4 23. Bxa4 Nd2+ 24. Rxd2 Rxd2 25. g3 Bd6 26. Ne3 Bc5 27. Ng4 Rb8 28. h5 Bd4 29. Bb3 a4 30. hxg6 axb3 31. gxf7+ Kf8 32. Rh8+ Ke7 33. f8=Q+ Rxf8 34. Qxf8+ Kd7 35. Qf7+ Kd6 36. Qf4+ Kc5 37. Qxd2 1-0


[Site "https://www.chess.com"]

[Event "Titled Tuesday Blitz December 27 Early 2022"]
[White "Peatman, Carter"]
[Black "Garcia Ramos, Daniel"]
[WhiteFideId "2096480"]
[BlackFideId "32010311"]
[WhiteElo "1998"]
[BlackElo "2442"]
[Result "0-1"]
[Round "01"]
[TimeControl "180+2"]
[Date "2022.12.27"]
[WhiteClock "0:00:01"]
[BlackClock "0:00:02"]

1. d4 d5 2. Bf4 e6 3. e3 Bd6 4. Bg3 Nf6 5. Nf3 O-O 6. c4 b6 7. Nc3 Bb7 8. cxd5 exd5 9. Bd3 Re8 10. Bh4 a6 11. O-O Nbd7 12. Re1 h6 13. Bf5 g5 14. Bg3 Bxg3 15. hxg3 Ne4 16. Nd2 Nd6 17. Bd3 Qf6 18. Rc1 c5 19. dxc5 bxc5 20. Bb1 Rad8 21. Qc2 Qg7 22. Rcd1 Rc8 23. Nb3 Nf6 24. Na5 Ba8 25. Qa4 Nde4 26. Nb3 Nxc3 27. bxc3 Re6 28. c4 dxc4 29. Qxc4 Be4 30. Bxe4 Rxe4 31. Qxa6 Ree8 32. Rc1 Ne4 33. Qc4 Nd6 34. Qc3 Qg6 35. Nd2 Nb5 36. Qc4 Nd6 37. Qc3 Qe6 38. Nc4 Ne4 39. Qc2 Qf6 40. Re2 h5 41. Kh2 g4 42. Rf1 Rcd8 43. f3 Nc3 44. Ref2 Qg7 45. f4 Ne4 46. Re2 h4 47. gxh4 g3+ 48. Kh3 f5 49. Rf3 Qg4# 0-1


[Site "https://www.chess.com"]

[Event "Titled Tuesday Blitz December 27 Early 2022"]
[White "Perez Ponsa, Federico"]
[Black "Ayushh, Ravikumar"]
[WhiteFideId "117927"]
[BlackFideId "35039482"]
[WhiteElo "2532"]
[BlackElo "2032"]
[Result "1/2-1/2"]
[Round "01"]
[TimeControl "180+2"]
[Date "2022.12.27"]
[WhiteClock "0:00:10"]
[BlackClock "0:00:13"]

1. e4 e5 2. Nf3 Nf6 3. Nxe5 d6 4. Nf3 Nxe4 5. Qe2 Qe7 6. Nc3 Nxc3 7. dxc3 Qxe2+ 8. Bxe2 Nc6 9. Be3 Be7 10. O-O-O Bg4 11. Rhe1 O-O-O 12. h3 Be6 13. Nd4 Nxd4 14. Bxd4 c5 15. Bxg7 Rhg8 16. Bh6 Rxg2 17. Bg4 Kd7 18. Be3 Bxg4 19. hxg4 b6 20. Rg1 Rxg1 21. Rxg1 Rg8 22. Kd2 Ke6 23. Ke2 h5 24. f3 hxg4 25. fxg4 Bg5 26. Bf2 f5 27. gxf5+ Kxf5 28. Be3 Rg6 29. Rf1+ Ke6 30. Rg1 Kf5 31. a4 Bxe3 32. Rxg6 Kxg6 33. Kxe3 Kf5 34. Kd3 d5 35. Ke3 Ke5 36. b3 Kf5 37. Kf3 Ke5 38. Ke3 Kf5 39. b4 Ke5 40. Kd3 Kf5 41. Ke3 Ke5 42. Kf3 Kf5 43. Ke3 1/2-1/2


[Site "https://www.chess.com"]

[Event "Titled Tuesday Blitz December 27 Early 2022"]
[White "Petrovic, Aleksa"]
[Black "Rustemov, Alexander"]
[WhiteFideId "967629"]
[BlackFideId "4119002"]
[WhiteElo "2332"]
[BlackElo "2525"]
[Result "0-1"]
[Round "01"]
[TimeControl "180+2"]
[Date "2022.12.27"]
[WhiteClock "0:00:07"]
[BlackClock "0:00:43"]

1. d4 d5 2. c4 c6 3. Nf3 Nf6 4. Nc3 a6 5. cxd5 cxd5 6. Bf4 Nc6 7. Rc1 Bg4 8. Ne5 Bd7 9. e3 e6 10. Nxd7 Qxd7 11. Bd3 Bd6 12. Bg3 O-O 13. O-O Bxg3 14. hxg3 Qd6 15. a3 Rfc8 16. Na4 Nd7 17. Nc5 Nxc5 18. Rxc5 b6 19. Rc3 a5 20. Qc2 g6 21. Rc1 Ne7 22. Rc7 Rab8 23. Ba6 Rxc7 24. Qxc7 Qxc7 25. Rxc7 Nf5 26. g4 Nd6 27. Rc6 Ne8 28. Kf1 g5 29. Ke2 Kf8 30. Kd3 Ke7 31. Bb5 Nd6 32. Rc7+ Kf8 33. a4 Rb7 34. Rc6 Ne4 35. f3 Nf6 36. Ba6 Rb8 37. Kc3 Ne8 38. b4 axb4+ 39. Kxb4 Ke7 40. Rc1 Nd6 41. Rc6 h6 42. Rc1 Ra8 43. Bb5 Rc8 44. Rh1 Rc2 45. Rxh6 Rb2+ 46. Kc3 Rxg2 47. Rh5 Rf2 48. Rxg5 Rxf3 49. Kd3 Ne4 50. Rg8 Rf2 51. Re8+ Kf6 52. g5+ Kg7 0-1


[Site "https://www.chess.com"]